 Dungeon Crawl Stone Soup version 0.28.0 (webtiles) character file.

Game seed: 5327330330969473423

206 croobank the Skirmisher (level 5, -3/47 HPs)
             Began as a Hill Orc Fighter on Feb 16, 2022.
             Was an Initiate of Beogh.
             Slain by a scorpion (8 damage)
             ... on level 4 of the Dungeon.
             The game lasted 00:08:44 (2568 turns).

croobank the Skirmisher (Hill Orc Fighter)          Turns: 2568, Time: 00:08:45

Health: -3/47      AC:  9    Str: 21    XL:     5   Next: 84%
Magic:  6/6        EV:  9    Int: 14    God:    Beogh [......]
Gold:   164        SH:  4    Dex: 10    Spells: 3/4 levels left

rFire   . . .      SeeInvis .   a - +1 war axe
rCold   . . .      Faith    .   c - +0 buckler
rNeg    . . .      Spirit   .   b - +0 scale mail
rPois   .          Reflect  .   (no helmet)
rElec   .          Harm     .   (no cloak)
rCorr   .          Rampage  .   l - +1 pair of gloves
Will    .....                   (no boots)
Stlth   ..........              (no amulet)
HPRegen 0.15/turn               k - +6 ring of intelligence
MPRegen 0.10/turn               (no ring)

@: lethally poisoned (-3 -> -18)
A: no striking features
a: Renounce Religion


You were on level 4 of the Dungeon.
You worshipped Beogh.
Beogh was noncommittal.
You visited 1 branch of the dungeon, and saw 4 of its levels.

You collected 164 gold pieces.

Inventory:

Hand Weapons
 a - a +1 war axe (weapon)
 g - a +2 short sword of venom
Missiles
 e - 4 poisoned darts
 h - 27 bolts
 i - 54 stones (quivered)
 j - 69 arrows
 n - 22 sling bullets
 t - 4 boomerangs
Armour
 b - a +0 scale mail (worn)
 c - a +0 buckler (worn)
 l - a +1 pair of gloves (worn)
Jewellery
 k - a +6 ring of intelligence (left hand)
 q - a ring of fire
Wands
 p - a wand of acid (7)
Scrolls
 f - a scroll of blinking
 m - 2 scrolls of identify
 r - a scroll of teleportation
Potions
 d - 2 potions of might
 o - a potion of invisibility
 s - 2 potions of mutation
 u - a potion of lignification {unknown}


   Skills:
 - Level 4.8 Fighting
 - Level 4.3 Axes
 - Level 4.3 Armour
 - Level 4.3 Shields
 + Level 1.8 Invocations


You had 3 spell levels left.
You knew the following spells:

 Your Spells              Type           Power      Damage    Failure   Level
a - Beastly Appendage     Tmut           0%         N/A       69%         1

Your spell library contained the following spells:

 Spells                   Type           Power      Damage    Failure   Level
 Wereblood                Tmut           0%         N/A       83%         2
 Spider Form              Tmut/Pois      0%         N/A       96%         3


Dungeon Overview and Level Annotations

Branches:
Dungeon (4/15)
 Temple: D:4-7

Altars:
Qazlal
Uskayaw


Message History

u - a metallic puce potion
Found 10 gold pieces and a dagger.
An endoplasm comes into view.
The endoplasm quivers.
You see here a +0 scimitar.
The endoplasm freezes you.
You are frozen.
The endoplasm freezes you.
You are frozen.
The endoplasm barely misses you.
You barely miss the endoplasm. The endoplasm freezes you.
You are frozen.
You hit the endoplasm.
The endoplasm is heavily wounded.
You block the endoplasm's attack.
You hit the endoplasm.
You kill the endoplasm!
Beogh accepts your kill.
You now have 164 gold pieces (gained 10).
Found a plate armour.
A scorpion comes into view.
You see here a metallic puce potion.
You see here a metallic puce potion.
The scorpion stings you.
You barely miss the scorpion. The scorpion stings you.
You are poisoned.
The scorpion poisons you! The scorpion stings you!
You are lethally poisoned!
The scorpion poisons you!
You barely miss the scorpion.
* * * LOW HITPOINT WARNING * * *
You feel extremely sick. The scorpion stings you.
* * * LOW HITPOINT WARNING * * *
You closely miss the scorpion.
* * * LOW HITPOINT WARNING * * *
You feel very sick. The scorpion stings you!
You die...

...............##
#.................
####.......).......
#.#................
...................
.............#.....
#..##.#....###...
#....!#......#...
#....@...#......)
#...#s.####....#
....###.## .....
...# #..# ..... .##
#...# .# #..[.
#.... ..##.


You could see a scorpion.

Vanquished Creatures
  Natasha (thrice) (D:2)
  5 adders
  An adder skeleton (D:4)
  A worm (D:3)
  2 dart slugs
  3 orcs
  10 ball pythons
  4 endoplasms
  14 giant cockroaches
  3 goblins
  4 hobgoblins
  3 jackals (D:2)
  7 quokkas
  2 bats
  5 kobolds
  11 rats
78 creatures vanquished.

Vanquished Creatures (others)
  A water moccasin (D:3)
  An orc wizard (D:3)
  An orc (D:3)
  4 giant cockroaches (D:3)
7 creatures vanquished.

Grand Total: 85 creatures vanquished

Notes
Turn   | Place    | Note
-------+----------+-------------------------------------------
     0 | D:1      | croobank the Hill Orc Fighter began the quest for the Orb.
     0 | D:1      | Reached XP level 1. HP: 19/19 MP: 1/1
    23 | D:1      | You fall into a shaft and drop 1 floor!
   127 | D:2      | Reached XP level 2. HP: 27/27 MP: 2/2
   150 | D:2      | Noticed Natasha
   155 | D:2      | Noticed a crimson imp
   157 | D:2      | Killed Natasha
   158 | D:2      | Reached XP level 3. HP: 30/33 MP: 3/3
   163 | D:2      | Noticed Natasha
   172 | D:2      | Killed Natasha
   173 | D:2      | Reached XP level 4. HP: 34/40 MP: 4/4
  1434 | D:1      | Learned a level 1 spell: Beastly Appendage
  1662 | D:2      | Noticed Natasha
  1666 | D:2      | Killed Natasha
  1667 | D:2      | Reached XP level 5. HP: 41/47 MP: 5/5
  1773 | D:3      | Found a hide-covered altar of Uskayaw.
  1983 | D:3      | Found a faded altar of an unknown god.
  2013 | D:3      | Became a worshipper of Beogh the Brigand
  2157 | D:3      | Found a stormy altar of Qazlal.
  2229 | D:3      | Killed a water moccasin
  2491 | D:4      | Reached skill level 1 in Invocations
  2568 | D:4      | Slain by a scorpion

Illustrated notes

Levels and vault maps discovered:
D:1:      minmay_arrival_four_houses, layout_loops_ring
D:2:      layout_basic, serial_rivers, chequers_serial_rivers_small_b,
          chequers_serial_rivers_small_a, chequers_serial_rivers_micro_c,
          chequers_serial_rivers_small_b, chequers_serial_rivers_micro_d,
          uniq_natasha
D:3:      minmay_roachtagon, layout_loops_cross,
          mainiacjoe_overflow_concentric_impassable, lemuel_doored_altar,
          shapermc_ecumenical_altar_mp_vishouse, hangedman_decor_riveting,
          small_statue_intersection
D:4:      layout_cave_pools, nemelex_spade_bored_becter,
          mainiacjoe_overflow_alcove_1, uniq_crazy_yiuf_cottage

Skill      XL: |  1  2  3  4  5 |
---------------+----------------+-----
Axes           | 3 4 |  4.3
Fighting       | 4 |  4.8
Armour         | 4 |  4.3
Shields        | 4 |  4.3
Invocations    | 1 |  1.8

Action                   |  1- 3 |  4- 6 || total
-------------------------+-------+-------++-------
Melee: War axe           |    25 |   185 ||   210
 Cast: Beastly Appendage |       |     1 ||     1
Invok: Convert to Beogh  |       |     1 ||     1
  Use: Scroll            |       |     7 ||     7
 Stab: Confused          |       |     1 ||     1
Armor: Scale mail        |    14 |    80 ||    94
Dodge: Dodged            |    10 |   108 ||   118
Block: Buckler           |     5 |    45 ||    50
